 Dungeon Crawl Stone Soup version 0.30-a0-800-g7c544603b3 (webtiles) character file.

Game seed: 11902115150669430867

25 bande the Shield-Bearer (level 3, -1/23 HPs)
             Began as a Gargoyle Fighter on Feb 22, 2023.
             Slain by Terence
             ... wielding a +0 mace
              (3 damage)
             ... on level 2 of the Dungeon.
             The game lasted 00:01:42 (725 turns).

bande the Shield-Bearer (Gargoyle Fighter)           Turns: 725, Time: 00:01:43

Health: -1/23      AC: 14    Str: 19    XL:     3   Next: 4%
Magic:  3/3        EV:  9    Int:  8    God:
Gold:   49         SH:  4    Dex: 11    Spells: 2/2 levels left

rFire   . . .      SeeInvis .    a - +0 war axe
rCold   . . .      Faith    .    c - +0 buckler
rNeg    + . .      Spirit   .    b - +0 scale mail
rPois   ∞          Reflect  .    (no helmet)
rElec   +          Harm     .    i - +1 cloak
rCorr   .          Rampage  .    k - +1 pair of gloves
Will    .....                    (no boots) Stlth
                                 (no amulet)
HPRegen 0.23/turn                (no ring)
MPRegen 0.08/turn                (no ring)

@: mighty
A: sickness immunity, AC +3, negative energy resistance 1, electricity
resistance, torment resistance 1, petrification resistance
a: no special abilities


You were on level 2 of the Dungeon.
You visited 1 branch of the dungeon, and saw 2 of its levels.

You collected 49 gold pieces.

Inventory:

Hand Weapons
 a - a +0 war axe (weapon)
Armour
 b - a +0 scale mail (worn)
 c - a +0 buckler (worn)
 i - a +1 cloak (worn)
 k - a +1 pair of gloves (worn)
Scrolls
 e - a scroll of teleportation
Potions
 d - a potion of might
 l - a potion of haste {unknown}
 m - 3 potions of cancellation {unknown}


   Skills:
 + Level 3.6 Fighting
 + Level 2.1 Axes
 + Level 3.6 Armour
 + Level 3.7 Shields


You had 2 spell levels left.
You didn't know any spells.
Your spell library was empty.

Dungeon Overview and Level Annotations

Branches:
Dungeon (2/15)

Altars:

Annotations:
D:2 Terence


Innate Abilities, Weirdness & Mutations

You are immune to sickness and miasma.
Your stone body is resilient. (AC +3)
You are immune to poison.
You resist negative energy. (rN+)
You are resistant to electric shocks. (rElec)
You are resistant to unholy torment.
You are immune to petrification.


Message History

The worm bites you but does no damage.
You slash the worm!
The worm is almost dead.
You barely miss the worm.
The worm is almost dead.
The worm closely misses you.
You barely miss the worm.
The worm is almost dead.
The worm bites you.
You barely miss the worm.
The worm is almost dead.
The worm bites you.
You are too injured to fight recklessly!
You are too injured to fight recklessly!
You are too injured to fight recklessly!
You are too injured to fight recklessly!
You are too injured to fight recklessly!
Terence the Incautious comes into view.
He is wielding a +0 mace.
The worm bites you.
You completely miss the worm.
The worm is severely wounded.
You slash the worm!
You kill the worm!
You closely miss Terence. You block Terence's attack.
Terence hits you with a +0 mace.
* * * LOW HITPOINT WARNING * * *
Your Axes skill increases to level 2!
You have reached level 3!
Your experience leads to an increase in your attributes!
Increase (S)trength, (I)ntelligence, or (D)exterity?
You feel agile. x2
You feel very mighty all of a sudden.
Terence shouts, "Get ready for death!"
Terence hits you but does no damage.
You barely miss Terence. Terence hits you with a +0 mace.
* * * LOW HITPOINT WARNING * * *
You barely miss Terence. Terence hits you with a +0 mace.
* * * LOW HITPOINT WARNING * * *
Terence hits you with a +0 mace.
You die...

... ##..
... #..
###.. #
...
#.#.##@#
#.=..†@# #
#.####.#.#
#<...#
######


You could see Terence.

Vanquished Creatures
  2 worms (D:2)
  2 endoplasms (D:1)
  A giant cockroach (D:1)
  A goblin (D:1)
  A hobgoblin (D:1)
  A quokka (D:1)
  3 ball pythons (D:1)
  3 bats (D:1)
  A frilled lizard (D:1)
  A kobold (D:1)
  4 rats
20 creatures vanquished.

Notes
Turn   | Place    | Note
-------+----------+-------------------------------------------
     0 | D:1      | bande the Gargoyle Fighter began the quest for the Orb.
     0 | D:1      | Reached XP level 1. HP: 14/14 MP: 1/1
    94 | D:1      | Reached XP level 2. HP: 19/19 MP: 2/2
   720 | D:2      | Noticed Terence
   723 | D:2      | Reached XP level 3. HP: 7/23 MP: 3/3
   725 | D:2      | Slain by Terence

Illustrated notes

Levels and vault maps discovered:
D:1:      sevenhm_arrival_forest_fort_small_3, layout_loops_ring
D:2:      layout_basic, basic_altar, uniq_terence

Skill      XL: |  1  2 |
---------------+-------+-----
Axes           | 2 |  2.1
Fighting       | |  3.6
Armour         | |  3.6
Shields        | |  3.7

Action                     || total
---------------------------++-------
  Melee: War axe           ||    56
    Use: Scroll            ||     5
         Potion            ||     1
 Armour: Scale mail        ||    24
  Dodge: Dodged            ||    25
  Block: Buckler           ||    11

Table legend: (Time is in decaauts)
 A = Elapsed time spent in this place.
 B = Non-inter-level travel time spent in this place.
 C = Inter-level travel time spent in this place.
 D = Time resting spent in this place.
 E = Time spent auto-exploring this place.
 F = Levels seen in this place.
 G = Mean time per level.
                   A        B        C        D        E       F      G
               +--------+--------+--------+--------+--------+-----+--------+
         Total |    749 |    724 |     25 |      0 |    541 |   2 |  374.5 |
       Dungeon |    749 |    724 |     25 |      0 |    541 |   2 |  374.5 |
               +--------+--------+--------+--------+--------+-----+--------+

Top non-repeatable levels by time:
     D:1: 723 daAuts
     D:2: 26 daAuts
